 Dungeon Crawl Stone Soup version 0.30.1-3-gfc49f6343a (webtiles) character file.

Game seed: 9782249607415163014

64 cheesebisquit the Ruffian (level 3, -1/36 HPs)
             Began as a Troll Fighter on July 18, 2023.
             Slain by a gnoll
             ... wielding a +0 halberd
              (11 damage)
             ... on level 3 of the Dungeon.
             The game lasted 00:04:00 (1801 turns).

cheesebisquit the Ruffian (Troll Fighter)           Turns: 1801, Time: 00:04:02

Health: -1/36      AC:  5    Str: 30    XL:     3   Next: 91%
Magic:  2/2        EV:  9    Int:  6    God:
Gold:   112        SH: 12    Dex:  9    Spells: 2/2 levels left

rFire   . .          .
                       - Unarmed
rCold   . . .        b - +0 kite shield
rNeg    . . .        a - +0 robe
rPois   .            (helmet restricted)
rElec   .            g - +0 cloak
rCorr   .            (gloves unavailable)
SInv    .            (boots unavailable)
Will    .....        v - amulet of reflection
Stlth   +            i - +6 ring of strength
HPRegen 1.06/turn    (no ring)
MPRegen 0.08/turn

%: reflection
@: no status effects
A: large, unfitting armour, claws 3, regeneration 1, shaggy fur 1, tough skin 1
a: no special abilities


You were on level 3 of the Dungeon.
You visited 1 branch of the dungeon, and saw 3 of its levels.

You collected 112 gold pieces.

Inventory:

Armour
 a - a +0 robe (worn)
 b - a +0 kite shield (worn)
 g - a +0 cloak (worn)
Jewellery
 i - a +6 ring of strength (left claw)
 v - an amulet of reflection (around neck)
Wands
 p - a wand of polymorph (7)
Scrolls
 d - a scroll of fear {unknown}
 f - a scroll of enchant armour {unknown}
 h - a scroll of enchant weapon {unknown}
 k - a scroll of brand weapon {unknown}
 n - a scroll of teleportation {unknown}
 o - 2 scrolls of identify {unknown}
 q - 2 scrolls of magic mapping {unknown}
 r - 2 scrolls of fog {unknown}
 u - a scroll of blinking {unknown}
Potions
 c - a potion of might
 e - 2 potions of heal wounds {unknown}
 j - 2 potions of cancellation {unknown}
 l - a potion of degeneration {unknown}
 m - 2 potions of curing {unknown}
 s - 2 potions of haste {unknown}
 t - a potion of berserk rage {unknown}


   Skills:
 + Level 2.9 Fighting
 - Level 2.4 Dodging
 + Level 3.1 Shields
 * Level 3.3 Unarmed Combat


You had 2 spell levels left.
You didn't know any spells.
Your spell library contained the following spells:

 Spells                   Type           Power      Damage    Failure   Level
 Ozocubu's Armour         Ice            0%         N/A       96%         3
 Vhi's Electric Charge    Tloc/Air       0%         N/A       96%         3
 Arcjolt                  Conj/Air       0%         1d10      100%        5
 Plasma Beam              Fire/Air       0%         2x1d11    100%        6
 Ozocubu's Refrigeration  Ice            0%         4d7       100%        7


Dungeon Overview and Level Annotations

Branches:
Dungeon (3/15)

Altars:


Innate Abilities, Weirdness & Mutations

You are too large for most types of armour.
You have claws for hands.
Your natural rate of healing is unusually fast.
You are covered in fur. (AC +1)
You have tough skin. (AC +1)


Message History

You finish putting on your amulet of reflection.
You feel a shielding aura gather around you.
v - an amulet of reflection (around neck)
An endoplasm comes into view.
Found 10 gold pieces.
A gnoll comes into view. It is wielding a +0 halberd.
The gnoll shouts!
The endoplasm quivers.
The endoplasm freezes you.
You are frozen.
You scratch the endoplasm.
The endoplasm is heavily wounded.
You block the endoplasm's attack.
A gnoll comes into view. It is wielding a +0 halberd.
A gnoll comes into view. It is wielding a +0 club.
The gnoll shouts! x2
You mangle the endoplasm!!
You kill the endoplasm!
The gnoll hits you from afar with a +0 halberd!
You block the gnoll's attack.
A dart slug comes into view.
You claw the gnoll!
The gnoll is almost dead.
The gnoll closely misses you.
The gnoll hits you from afar with a +0 halberd!
You are too injured to fight recklessly!
You are too injured to fight recklessly!
You are too injured to fight recklessly!
There are monsters nearby!
Okay, then.
The gnoll attacks as you move away! The gnoll hits you with a +0 club.
The gnoll hits you from afar with a +0 halberd.
* * * LOW HITPOINT WARNING * * *
The dart slug launches a dart at you. The slug dart hits you.
* * * LOW HITPOINT WARNING * * *
Okay, then.
The gnoll attacks as you move away! You block the gnoll's attack.
The gnoll hits you from afar with a +0 halberd!
You die...

............##.###.#####
.......................#
............##.###.#####
............##.#.......#
.####......###.#.#.#####
.# #.###.## #.#.#.#
.####.###.# #.....#
....>..##.# ###.#.#
......###.######@#.#
..............g....#####
.#.#..###......g.......#
##.#..###.....g....#####
.. .........##.### #
.#..###..##.##.#
.............#
.........$.....#
........#..#####


You could see 3 gnolls.

Vanquished Creatures
  An adder (D:3)
  A worm (D:2)
  An orc (D:2)
  10 endoplasms
  2 giant cockroaches (D:2)
  4 hobgoblins
  2 quokkas
  7 ball pythons
  2 bats
  7 frilled lizards
  3 goblins (D:1)
  5 kobolds (D:1)
  5 rats
50 creatures vanquished.

Notes
Turn   | Place    | Note
-------+----------+-------------------------------------------
     0 | D:1      | cheesebisquit the Troll Fighter began the quest for the
                  | Orb.
     0 | D:1      | Reached XP level 1. HP: 22/22 MP: 0/0
    82 | D:1      | Reached XP level 2. HP: 29/29 MP: 1/1
   204 | D:1      | You fall into a shaft and drop 1 floor!
   361 | D:1      | Found a faded altar of an unknown god.
   380 | D:1      | Reached XP level 3. HP: 34/36 MP: 2/2
  1801 | D:3      | Slain by a gnoll

Illustrated notes

Levels and vault maps discovered:
D:1:      scummos_arrival_hexagon, layout_rooms,
          hellmonk_ecumenical_altar_lost_god, wad_floor_pattern_2
D:2:      layout_loops_corners, serial_bayou_pond_a, minmay_misc_feat_ornament,
          minmay_misc_feat_room, dk_vineyard_3, lightli_corner_chamber
D:3:      layout_basic, nicolae_underground_beach

Skill      XL: |  1  2  3 |
---------------+----------+-----
Shields        | 3 |  3.1
Unarmed Combat | 3 |  3.3
Fighting       | |  2.9
Dodging        | |  2.4

Action                     || total
---------------------------++-------
  Melee: Unarmed           ||    84
 Armour: Robe              ||    16
         Skin              ||     1
  Dodge: Dodged            ||    16
  Block: Kite shield       ||    19
